 Dungeon Crawl Stone Soup version 0.30.1-10-g1249ef9ec4 (webtiles) character file.

Game seed: 6425632019635678374

69 lonewolfV2 the Covered (level 4, -3/35 HPs)
             Began as a Demonspawn Fighter on Oct 26, 2023.
             Splashed by a jelly's acid (7 damage)
             ... on level 3 of the Dungeon.
             The game lasted 00:04:13 (1804 turns).

lonewolfV2 the Covered (Demonspawn Fighter)         Turns: 1804, Time: 00:04:13

Health: -3/35      AC:  2    Str: 25    XL:     4   Next: 2%
Magic:  4/4        EV:  9    Int:  9    God:
Gold:   68         SH:  4    Dex: 12    Spells: 3/3 levels left

rFire   . . .        a - +0 war axe
rCold   . . .        c - +0 buckler
rNeg    . . .        m - +1 chain mail
rPois   .            (helmet restricted)
rElec   .            (no cloak)
rCorr   .            (no gloves)
SInv    .            (no boots)
Will    .....        (no amulet) Stlth
                     k - +6 ring of strength
HPRegen 0.25/turn    (no ring)
MPRegen 0.09/turn

%: no passive effects
@: corroded
A: antennae 1, demonic guardian 1
a: no special abilities


You were on level 3 of the Dungeon.
You visited 1 branch of the dungeon, and saw 3 of its levels.

You collected 68 gold pieces.

Inventory:

Hand Weapons
 a - a +0 war axe (weapon)
Armour
 c - a +0 buckler (worn)
 m - a +1 chain mail (worn)
Jewellery
 k - a +6 ring of strength (left hand)
Scrolls
 l - a scroll of teleportation
Potions
 b - a potion of haste {unknown}
 d - 2 potions of might
 e - a potion of invisibility {unknown}
 f - a potion of berserk rage
 g - a potion of cancellation {unknown}
 h - 3 potions of curing {unknown}
 i - a potion of resistance {unknown}


   Skills:
 - Level 3.0 Fighting
 - Level 1.7 Axes
 + Level 3.3 Armour
 * Level 2.7 Dodging
 - Level 2.6 Shields


You had 3 spell levels left.
You didn't know any spells.
Your spell library was empty.

Dungeon Overview and Level Annotations

Branches:
Dungeon (3/15)

Altars:

Shops:
D:1 :   D:2 :


Innate Abilities, Weirdness & Mutations

You have a pair of small antennae on your head.
A weak demonic guardian rushes to your aid.


Message History

The jelly completely misses you. The jelly misses you.
The jelly closely misses you. The jelly barely misses you.
The jelly hits you but does no damage. You block the jelly's attack.
The jelly hits you but does no damage. The jelly barely misses you.
The jelly completely misses you. The jelly hits you but does no damage.
The jelly barely misses you. The jelly hits you but does no damage.
You block the jelly's attack. The jelly barely misses you.
The jelly closely misses you. You block the jelly's attack.
The jelly hits you but does no damage. The jelly barely misses you.
The jelly hits you.
You are splashed with acid!
The jelly barely misses you. The jelly hits you. The acid corrodes you!
You are splashed with acid.
You block the jelly's attack. The jelly barely misses you.
The jelly hits you but does no damage. The jelly hits you but does no damage.
The jelly closely misses you. The jelly barely misses you.
The jelly barely misses you. The jelly hits you but does no damage.
The jelly hits you.
You are splashed with acid!
The jelly hits you but does no damage. The jelly hits you but does no damage.
The jelly closely misses you. The jelly hits you.
You are splashed with acid.
* * * LOW HITPOINT WARNING * * *
A demonic guardian appears!
The jelly hits you.
* * * LOW HITPOINT WARNING * * *
The acid corrodes you!
You are splashed with acid!
You die...

... ##.. ..# .... ..#
# #.... #.# ##! #....
..# ... ...
#....)#.####.# ...
#.....#.##...# ....
#...KJ@##...###..#
#..###.......... .
###5#.##.#####..
#..............
#..####.....<........
#........#..†)......#
##.####..#.##.##.##.#
#..#.##.# # #..#.##.#


You could see a jelly (ally target), a kobold and a friendly shadow imp
(summoned).

Vanquished Creatures
  An adder (D:2)
  2 worms
  A dart slug (D:1)
  5 ball pythons
  4 endoplasms (D:1)
  4 giant cockroaches
  3 goblins (D:1)
  3 hobgoblins (D:1)
  4 jackals (D:2)
  6 kobolds
  3 quokkas (D:1)
  7 bats
  4 rats (D:1)
47 creatures vanquished.

Notes
Turn   | Place    | Note
-------+----------+-------------------------------------------
     0 | D:1      | lonewolfV2 the Demonspawn Fighter began the quest for the
                  | Orb.
     0 | D:1      | Reached XP level 1. HP: 18/18 MP: 1/1
   111 | D:1      | Found Mahim's Book Shoppe.
   137 | D:1      | Reached skill level 1 in Dodging
   152 | D:1      | Gained mutation: You have a pair of small antennae on your
                  | head. [demonic ancestry]
   152 | D:1      | Reached XP level 2. HP: 24/24 MP: 2/2
   429 | D:1      | Reached XP level 3. HP: 26/29 MP: 3/3
  1429 | D:2      | Found Niwailot's Vocational Training.
  1753 | D:3      | Gained mutation: A weak demonic guardian rushes to your
                  | aid. [demonic ancestry]
  1753 | D:3      | Reached XP level 4. HP: 35/35 MP: 4/4
  1804 | D:3      | Splashed by a jelly's acid

Illustrated notes

Levels and vault maps discovered:
D:1:      ebering_trefoil_3fold, layout_basic, serial_shops, shop
D:2:      layout_basic, nicolae_shop_vocational
D:3:      layout_loops_ring, mainiacjoe_overflow_small_starburst,
          nicolae_qazlal_eye_of_the_storm, minmay_fractal_squares_5,
          uniq_natasha, uniq_robin

Skill      XL: |  1  2 |
---------------+-------+-----
Dodging        | 1 2 |  2.7
Armour         | 3 |  3.3
Fighting       | |  3.0
Axes           | |  1.7
Shields        | |  2.6

Action                     |  1- 3 |  4- 6 || total
---------------------------+-------+-------++-------
  Melee: War axe           |   133 |       ||   133
    Use: Scroll            |     5 |       ||     5
 Armour: Scale mail        |    73 |       ||    73
         Chain mail        |     8 |    12 ||    20
  Dodge: Dodged            |    89 |    16 ||   105
  Block: Buckler           |    50 |     4 ||    54
